 Dungeon Crawl Stone Soup version 0.30-a0-1157-g2cc9ac7196 (webtiles) character file.

Game seed: 12207964400366322870

77 jimonade the Trooper (level 4, -2/35 HPs)
             Began as a Mummy Fighter on Apr 25, 2023.
             Killed from afar by Jessica (15 damage)
             ... with a bolt of light
             ... on level 2 of the Dungeon.
             The game lasted 00:02:49 (1197 turns).

jimonade the Trooper (Mummy Fighter)                Turns: 1197, Time: 00:02:50

Health: -2/35      AC:  9    Str: 19    XL:     4   Next: 14%
Magic:  4/4        EV:  9    Int:  9    God:
Gold:   51         SH:  0    Dex: 11    Spells: 3/3 levels left

rFire   x . .        a - +0 flail
rCold   + . .        c - +0 buckler
rNeg    + + +        b - +0 scale mail
rPois   ∞            o - +0 helmet {SInv}
rElec   .            g - +0 cloak
rCorr   .            (no gloves)
SInv    +            (no boots)
Will    .....        f - amulet of regeneration Stlth
                     (no ring)
HPRegen 1.05/turn    (no ring)
MPRegen 0.09/turn

%: faith
@: confused
A: cold resistance 1, negative energy resistance 3, torment resistance 2, heat
vulnerability 1, in touch with death 1, no potions, faith
a: no special abilities


You were on level 2 of the Dungeon.
You visited 1 branch of the dungeon, and saw 2 of its levels.

You collected 51 gold pieces.

Inventory:

Hand Weapons
 a - a +0 flail (weapon)
 d - a +0 dagger
 h - a +2 dagger of speed
 k - a +0 mace
 m - a +0 whip
 n - a +0 sling
Armour
 b - a +0 scale mail (worn)
 c - a +0 buckler (worn)
 g - a +0 cloak (worn)
 o - a +0 helmet of see invisible (worn)
Jewellery
 f - an amulet of regeneration (around neck)
Scrolls
 e - 2 scrolls of enchant weapon {unknown}
 i - a scroll of magic mapping {unknown}
 j - a scroll of teleportation {unknown}
 l - a scroll of poison {unknown}


   Skills:
 + Level 3.3 Fighting
 + Level 2.5 Maces & Flails
 + Level 2.9 Armour
 + Level 0.6 Dodging
 + Level 2.8 Shields


You had 3 spell levels left.
You didn't know any spells.
Your spell library was empty.

Dungeon Overview and Level Annotations

Branches:
Dungeon (2/15)

Altars:

Annotations:
D:2 Jessica


Innate Abilities, Weirdness & Mutations

You are immune to poison.
Your flesh is cold resistant. (rC+)
You are immune to negative energy. (rN+++)
You are immune to unholy pain and torment.
You are vulnerable to heat. (rF-)
You are in touch with the powers of death.
You do not drink.
You have a special connection with the divine. (Faith)


Message History

Things that are here:
a +0 club; a +0 sling
n - a +0 sling
Things that are here:
a +0 dagger; a +0 club
Items here: )) ††.
Items here: )) [[ †.
Search for what [Enter for "."]? .
Items here: )) [[ †.
o - a +0 helmet of see invisible You start putting on your armour.
You continue putting on your +0 helmet of see invisible. x4
You finish putting on your +0 helmet of see invisible.
You feel perceptive.
Found a stone staircase leading down.
You see here a +0 short sword.
You open the door.
Jessica the Apprentice Sorceress comes into view.
She is wielding a +0 club and carrying a wand of light (5).
Jessica shouts!
There is an open door here.
You close the door.
Jessica opens the door.
Press: ? - help, v - describe, . - travel
Here: Jessica, wielding a +0 club, wearing a +0 robe and carrying a wand of light (5)
The floor.
Jessica hits you but does no damage.
There is an open door here.
You closely miss Jessica. Jessica hits you with a +0 club.
You sock Jessica!
Jessica is almost dead.
Jessica zaps a wand.
The bolt of light hits you!
You closely miss Jessica.
Jessica is almost dead.
Jessica barely misses you.
Jessica zaps a wand.
The bolt of light hits you!
You are confused.
You are too injured to fight recklessly!
You are too injured to fight recklessly!
Jessica zaps a wand.
The bolt of light hits you!
You are more confused.
You die...

. #.........# ..
#.........# ..
#.........######## ..
#....)............ ..
#....############# ..
#....# ####. #.####
..... ##'####... .....
#.@@...... .....
#......... ### .....
#......... #.. .....
.....##......... #.#
........#.....#.........
#.#
........#.....#...######
#.#
........#..............
#.#
........#..............#
#.#
........#..............#
#.#


You could see Jessica.

Vanquished Creatures
  Robin (D:2)
  An adder (D:2)
  A dart slug (D:1)
  3 endoplasms
  2 giant cockroaches (D:1)
  9 hobgoblins
  A quokka (D:1)
  3 ball pythons (D:1)
  3 bats (D:1)
  9 frilled lizards
  13 goblins
  3 kobolds
  5 rats
54 creatures vanquished.

Notes
Turn   | Place    | Note
-------+----------+-------------------------------------------
     0 | D:1      | jimonade the Mummy Fighter began the quest for the Orb.
     0 | D:1      | Reached XP level 1. HP: 18/18 MP: 1/1
   155 | D:1      | Reached XP level 2. HP: 24/24 MP: 2/2
   410 | D:1      | Gained mutation: You are in touch with the powers of death.
                  | [Mummy growth]
   410 | D:1      | Reached XP level 3. HP: 29/29 MP: 3/3
  1021 | D:2      | Noticed Robin
  1101 | D:2      | Killed Robin
  1102 | D:2      | Reached XP level 4. HP: 35/35 MP: 4/4
  1185 | D:2      | Noticed Jessica
  1197 | D:2      | Killed from afar by Jessica

Illustrated notes

Levels and vault maps discovered:
D:1:      amcnicky_arrival_single_pillar, layout_loops_ring, minmay_cut_off
D:2:      layout_basic, uniq_robin, uniq_jessica

Skill      XL: |  1  2 |
---------------+-------+-----
Maces & Flails | 2 |  2.5
Fighting       | |  3.3
Armour         | |  2.9
Dodging        | |  0.6
Shields        | |  2.8

Action                     |  1- 3 |  4- 6 || total
---------------------------+-------+-------++-------
  Melee: Flail             |   185 |     8 ||   193
 Armour: Scale mail        |   100 |     6 ||   106
  Dodge: Dodged            |   109 |     4 ||   113
  Block: Buckler           |    38 |     1 ||    39

Table legend: (Time is in decaauts)
 A = Elapsed time spent in this place.
 B = Non-inter-level travel time spent in this place.
 C = Inter-level travel time spent in this place.
 D = Time resting spent in this place.
 E = Time spent auto-exploring this place.
 F = Levels seen in this place.
 G = Mean time per level.
                   A        B        C        D        E       F      G
               +--------+--------+--------+--------+--------+-----+--------+
         Total |   1260 |   1240 |     20 |      0 |    729 |   2 |  630.0 |
       Dungeon |   1260 |   1240 |     20 |      0 |    729 |   2 |  630.0 |
               +--------+--------+--------+--------+--------+-----+--------+

Top non-repeatable levels by time:
     D:1: 738 daAuts
     D:2: 522 daAuts
